Map: Ruins of Endion

Players

capac - Winner!

  • Race: Terran Terran
  • League: Gold

HyliHaDo

  • Race: Protoss Protoss
  • League: Gold

VOD

Have the link to the VOD?

Description

Time

  • Played on: May 15, 2016, 5:23 a.m.
  • Length: 20:54
Show
View Real Time Build Order
Export as new Build Order

capac Terran - Winner!

Build Orders: Reaper Expand, MMM Bio 

Get SALT Encoding   

  12  0:01  SCV  
  13  0:13  SCV  
  14  0:18  Supply Depot  
  14  0:25  SCV  
  15  0:40  SCV  
  15  0:42  Barracks  
  16  0:46  Refinery  
  16  0:52  SCV  
  17  1:04  SCV  
  18  1:16  SCV  
  19  1:29  Orbital Command  
  19  1:30  Reaper  
  20  1:42  Command Center  
  20  1:54  SCV  
  21  2:02  Marine  
  21  2:05  Supply Depot  
  21  2:06  SCV  
  23  2:13  Factory  
  23  2:16  Refinery  
  23  2:27  Marine, SCV  
  25  2:39  SCV  
  25  2:41  Barracks  
  26  2:45  Marine  
  27  2:55  Orbital Command  
  27  2:57  SCV  
  28  2:58  Factory Tech Lab  
  28  3:05  Starport  
  28  3:06  Marine  
  28  3:09  SCV  
  30  3:20  Siege Tank  
  32  3:28  Barracks Reactor  
  33  3:34  SCV  
  33  3:35  SCV  
  34  3:44  Medivac  
  36  3:50  Supply Depot  
  36  3:55  SCV x2  
  38  4:03  Refinery  
  38  4:06  Marine x2  
  38  4:07  Barracks Tech Lab, SCV x2  
  42  4:13  Supply Depot  
  42  4:19  SCV  
  42  4:20  SCV  
  42  4:22  Engineering Bay  
  44  4:26  Marine x2  
  44  4:27  Marine  
  47  4:31  SCV  
  47  4:32  SCV  
  47  4:36  Starport Reactor  
  47  4:37  Siege Tank  
  52  4:40  Supply Depot  
  52  4:43  SCV  
  52  4:44  SCV  
  54  4:51  Stimpack  
  54  4:52  Barracks x2  
  54  4:58  SCV x2  
  54  4:59  Missile Turret  
  56  5:01  Marine  
  57  5:07  Supply Depot  
  57  5:10  Marine x2  
  59  5:24  Missile Turret  
  59  5:27  SCV  
  59  5:28  SCV  
  61  5:29  Siege Tank  
  61  5:35  Supply Depot  
  64  5:37  Refinery  
  64  5:38  Marine x2  
  64  5:40  SCV x2  
  64  5:41  Barracks Reactor  
  64  5:42  Marine  
  69  5:46  Terran Infantry Weapons Level 1  
  69  5:49  Supply Depot  
  69  5:53  Marine  
  70  5:58  Marine x2  
  70  6:00  Medivac x2  
  76  6:06  Barracks Reactor  
  76  6:07  Missile Turret  
  76  6:11  SCV  
  77  6:13  Supply Depot  
  77  6:21  Siege Tank  
  80  6:30  SCV x2  
  80  6:31  Marine x5  
  87  6:37  Missile Turret  
  87  6:38  Supply Depot  
  87  6:43  Marine x2  
  89  6:50  Missile Turret  
  89  6:59  Command Center  
  89  7:02  Medivac x2  
  93  7:09  Marine x5  
  93  7:14  Combat Shields  
  98  7:17  Supply Depot  
  98  7:24  Armory  
  98  7:37  Marine x3  
  98  7:38  Marine x3  
  98  7:39  Marauder  
  98  7:42  Supply Depot  
  106  7:52  Terran Infantry Armor Level 1  
  106  7:54  Siege Tank  
  106  7:57  Marine x4  
  113  8:03  Marauder  
  115  8:09  Supply Depot  
  115  8:16  Engineering Bay  
  115  8:17  Terran Ship Weapons Level 1  
  115  8:19  Marine x2  
  116  8:20  Marine x2  
  119  8:27  Siege Tank  
  122  8:34  Supply Depot  
  122  9:00  Marine  
  122  9:01  Marine x6  
  104  9:20  Marauder  
  106  9:29  Siege Tank  
  106  9:31  Missile Turret  
  109  9:32  Orbital Command  
  109  9:33  Liberator x2  
  109  9:39  Marine x4  
  109  9:40  Marine x2  
  109  9:42  Terran Infantry Weapons Level 2  
  115  9:47  Marauder  
  123  9:53  Supply Depot  
  123  9:55  Terran Infantry Armor Level 2  
  123  9:56  Starport  
  123  9:58  Marine x2  
  125  10:01  Missile Turret  
  124  10:27  Liberator x2  
  124  10:43  Starport Reactor  
  100  11:11  Liberator x2  
  100  11:14  Marine x3  
  100  11:15  Marine x4  
  98  11:27  Command Center  
  98  11:32  Marine x2  
  106  11:35  Marine x4  
  110  11:48  Marine  
  110  11:50  Marine x2  
  113  12:11  Liberator  
  113  12:12  Liberator  
  106  12:29  Marine x3  
  114  12:30  Marine x2  
  92  13:05  Marine x3  
  93  13:06  Marine x3  
  95  13:18  Marine  
  89  13:23  Marine x4  
  88  13:28  Siege Tank  
  88  13:29  Liberator x2  
  88  13:31  Liberator  
  88  13:32  Liberator  
  91  13:44  Marine x6  
  91  13:46  Marauder  
  105  13:54  Orbital Command  
  111  14:02  Marine x6  
  116  14:05  Siege Tank  
  116  14:07  Marauder, Terran Infantry Weapons Level 3  
  116  14:19  Marine  
  116  14:20  Marine  
  116  14:23  Marine x2  
  116  14:24  Marine x2  
  122  14:43  Marauder, Marine x3  
  122  14:44  Marine x2  
  129  15:02  Marine  
  129  15:03  Marine x4  
  129  15:04  Marine  
  129  15:05  Medivac  
  137  15:30  Refinery  
  137  15:32  Refinery  
  137  15:38  Siege Tank  
  137  16:13  Siege Tank  
  136  16:21  Command Center  
  133  16:33  SCV  
  134  16:54  Marine, Siege Tank  
  134  16:55  Marine x6  
  134  17:00  Missile Turret  
  134  17:01  Missile Turret  
  144  17:02  Medivac  
  144  17:03  Medivac x2  
  144  17:04  Medivac  
  152  17:12  Marine  
  152  17:13  Marauder, Marine x3  
  158  17:17  Liberator x2  
  164  17:38  Missile Turret  
  164  17:40  Siege Tank  
  167  18:24  Liberator x4  
  107  19:21  Marine  
  107  19:22  Marine x6  
  107  19:23  Siege Tank  
  113  19:39  Marine  
  113  19:40  Marauder, Marine  
  112  19:55  Marine, Siege Tank  
  112  19:56  Marine x3  
  112  19:57  Marine x2  
  118  20:01  Marine  
  116  20:13  Marine  
  116  20:18  Marine x5  
  116  20:19  Marine  
Show
View Real Time Build Order
Export as new Build Order

HyliHaDo Protoss 

Build Orders:  

Get SALT Encoding   

  12  0:02  Probe (Chrono Boost)  
  13  0:12  Probe (Chrono Boost)  
  14  0:21  Pylon  
  14  0:23  Probe (Chrono Boost)  
  15  0:32  Assimilator  
  15  0:42  Gateway  
  15  0:44  Probe (Chrono Boost)  
  16  0:55  Probe (Chrono Boost)  
  17  1:00  Pylon  
  17  1:05  Probe (Chrono Boost)  
  18  1:16  Probe (Chrono Boost)  
  19  1:26  Probe (Chrono Boost)  
  19  1:31  Cybernetics Core  
  20  1:37  Probe (Chrono Boost)  
  21  1:40  Assimilator  
  21  1:47  Probe (Chrono Boost)  
  22  2:01  Nexus  
  22  2:04  Probe (Chrono Boost)  
  22  2:08  Warp Gate (Chrono Boost)  
  23  2:15  Mothership Core (Chrono Boost)  
  25  2:24  Pylon  
  25  2:36  Stalker (Chrono Boost)  
  26  2:39  Probe (Chrono Boost)  
  27  2:51  Probe  
  28  2:53  Robotics Facility  
  28  2:55  Gateway  
  28  3:03  Gateway  
  28  3:28  Probe  
  28  3:29  Probe  
  30  3:34  Stalker  
  30  3:39  Probe  
  30  3:40  Probe, Observer (Chrono Boost)  
  35  3:50  Probe  
  35  3:52  Probe  
  37  4:00  Observer (Chrono Boost)  
  38  4:06  Adept x2  
  42  4:16  Adept  
  44  4:17  Probe x2  
  44  4:22  Assimilator  
  46  4:27  Assimilator  
  46  4:28  Probe, Immortal (Chrono Boost)  
  46  4:29  Probe, Pylon  
  52  4:31  Pylon  
  52  4:36  Adept  
  54  4:49  Probe  
  54  4:50  Probe  
  56  5:00  Probe  
  56  5:02  Probe  
  56  5:04  Stalker x3, Forge  
  64  5:11  Probe  
  65  5:14  Probe  
  65  5:18  Gateway  
  66  5:21  Probe  
  66  5:22  Gateway  
  66  5:26  Probe  
  68  5:30  Protoss Ground Weapons Level 1 (Chrono Boost)  
  68  5:32  Probe  
  68  5:34  Twilight Council  
  69  5:38  Pylon  
  69  5:42  Probe  
  70  5:55  Probe  
  71  5:58  Pylon  
  71  6:00  Pylon  
  71  6:06  Probe  
  71  6:10  Resonating Glaives (Chrono Boost)  
  72  6:18  Photon Cannon  
  72  6:21  Pylon  
  72  6:22  Probe x2  
  74  6:28  Gateway  
  74  6:37  Immortal  
  74  6:39  Nexus  
  78  6:44  Pylon  
  78  6:54  Adept x3  
  78  6:55  Adept x2  
  78  7:00  Templar Archives  
  88  7:13  Probe  
  89  7:17  Immortal  
  93  7:37  Stalker x3  
  95  7:38  Stalker x2  
  95  7:40  Blink (Chrono Boost)  
  95  7:43  Photon Cannon  
  103  7:45  Photon Cannon  
  103  7:49  Pylon  
  103  7:56  Protoss Ground Weapons Level 2 (Chrono Boost)  
  103  8:00  Probe  
  103  8:01  Probe x2  
  106  8:10  Warp Prism  
  108  8:19  Forge  
  108  8:29  Probe, Assimilator  
  108  8:30  Probe x2  
  108  8:32  Assimilator  
  110  8:42  Probe  
  110  8:44  Stalker x6  
  113  9:22  Nexus  
  113  9:27  Warp Prism  
  113  9:29  Protoss Ground Armor Level 1 (Chrono Boost)  
  115  9:31  High Templar  
  117  9:45  Nexus  
  117  9:47  Pylon  
  117  9:49  Pylon  
  117  9:56  Pylon  
  117  10:30  High Templar x2  
  117  10:31  High Templar x4  
  117  10:35  Archon x3  
  129  10:44  Gateway x2  
  129  10:48  Gateway  
  129  10:52  Photon Cannon  
  129  10:53  Photon Cannon  
  129  10:55  Photon Cannon  
  129  10:58  Pylon  
  129  11:00  Photon Cannon  
  97  11:07  Stalker x4  
  97  11:08  Stalker x2  
  63  11:20  Stalker x3  
  63  11:21  Stalker x3  
  75  11:34  Protoss Ground Weapons Level 3 (Chrono Boost)  
  75  11:44  Warp Prism  
  75  11:46  Adept x5  
  75  11:47  Adept  
  89  11:52  High Templar x3  
  95  12:13  Stalker x4  
  95  12:14  Adept  
  95  12:15  Adept  
  107  12:29  Stalker x3  
  58  13:00  Stalker x3  
  58  13:01  Stalker x6  
  68  13:40  High Templar x3  
  74  13:42  Nexus, Adept x3  
  74  13:43  Adept x3  
  86  13:48  Pylon  
  86  13:50  Pylon  
  86  13:59  Warp Prism  
  88  14:22  Adept x5  
  88  14:23  Adept x4  
  106  14:42  Protoss Shields Level 1 (Chrono Boost)  
  106  14:45  High Templar  
  106  14:46  High Templar x3  
  106  14:49  Protoss Ground Armor Level 2 (Chrono Boost)  
  106  14:52  Archon x2  
  114  14:54  Adept  
  114  14:55  Adept x3  
  114  14:56  Adept  
  124  15:15  Psionic Storm  
  124  15:23  Archon  
  124  15:39  Stalker x3  
  124  15:40  Stalker  
  132  15:49  Photon Cannon  
  132  15:51  Photon Cannon  
  132  15:54  Assimilator  
  132  15:59  Assimilator  
  132  16:01  Stalker x5  
  136  16:25  Photon Cannon  
  136  16:41  High Templar x2  
  136  16:42  High Templar  
  136  16:43  Adept  
  136  16:44  Adept x5  
  153  17:08  Protoss Ground Armor Level 3  
  153  17:29  Nexus  
  153  17:31  Immortal  
  153  17:32  Pylon  
  153  17:33  Pylon  
  157  17:42  Stalker x2  
  157  17:43  Stalker x4  
  169  18:00  Photon Cannon  
  169  18:01  Photon Cannon  
  169  18:03  Photon Cannon  
  169  18:11  Immortal  
  173  18:16  Gateway  
  173  18:18  Gateway  
  173  18:20  Gateway  
  173  18:24  Gateway  
  173  18:35  Protoss Shields Level 2  
  107  18:59  Adept x7  
  107  19:00  Adept x2  
  71  19:22  Adept x6  
  71  19:23  Adept x3  
  78  19:42  Stalker x3  
  78  19:43  Stalker x5  
  84  20:13  Stalker  
  85  20:15  Stalker x4  
  85  20:18  Zealot x4  
  101  20:41  High Templar  
  105  20:43  Adept x3  
  105  20:44  Adept  
Tags
 
Add a new tag
Caveats
  • Supply blocks, unpowered buildings, or Contaminate may cause inaccurate times.
  • Supply counts are checked every 10 seconds.